 Dungeon Crawl Stone Soup version 0.30-a0-509-gd016549fea (webtiles) character file.

Game seed: 15085513845772904641

16008 themarg the Destroyer (level 12, -8/106 HPs)
             Began as a Grey Draconian Conjurer on Dec 23, 2022.
             Was a Believer of Ashenzari.
             Mangled by a freezing wraith (23 damage)
             ... on level 1 of the Abyss.
             The game lasted 00:35:11 (13981 turns).

themarg the Destroyer (Grey Draconian Conjurer)    Turns: 13981, Time: 00:35:11

Health: -8/106     AC: 20    Str: 10    XL:     12   Next: 6%
Magic:  7/27       EV: 13    Int: 23    God:    Ashenzari [**....]
Gold:   249        SH:  0    Dex: 10    Spells: 22/33 levels left

rFire   . . .      SeeInvis +    a - +4 morningstar
rCold   . . .      Faith    .    (no shield)
rNeg    + . .      Spirit   .    (body armour unavailable)
rPois   .          Reflect  .    (helmet restricted)
rElec   +          Harm     .    o - +2 cloak "Share My Heresy" {Alch, Range} (curse)
rCorr   .          Rampage  .    (no gloves)
Will    .....                    (no boots)
Stlth   +.........               v - amulet "Discomfort of Ashenzari" {Regen+, Elem, Range} (curse)
HPRegen 1.17/turn                S - ring "Eraul" {rElec rF+ AC+4 Slay+4}
MPRegen 0.20/turn                K - ring of the Perceptive Fetters {rN+, Comp, Melee} (curse)

@: confused, ambrosia-drunk, slowed, unable to read, very slow
A: AC +13, amphibious, unfitting armour, cold-blooded, heat vulnerability 1,
inability to read after injury 1
a: Renounce Religion, Shatter the Chains


You were on level 1 of the Abyss.
You worshipped Ashenzari.
Ashenzari was pleased with you.
You visited 2 branches of the dungeon, and saw 11 of its levels.
You visited the Abyss 1 time.

You collected 627 gold pieces.
You spent 378 gold pieces at shops.

Inventory:

Hand Weapons
 a - a +4 morningstar (weapon)
 s - a +2 dagger of electrocution
Missiles
 e - 104 stones
 p - 9 boomerangs
 A - a curare-tipped dart
 C - 6 poisoned darts (quivered)
 P - 3 javelins
Armour
 o - the cursed +2 cloak "Share My Heresy" (worn) {Alch, Range}
   (You found it on level 2 of the Dungeon)

   It has a curse which improves the following skills: Alchemy: Poison Magic and
   Transmutations.
   Ranged Combat: Ranged Weapons and Throwing.
 T - a scarf of shadows
Magical Staves
 b - a staff of conjuration
Jewellery
 d - a ring of magical power
 v - the cursed amulet "Discomfort of Ashenzari" (around neck) {Regen+, Elem, Range}
   (You found it on level 3 of the Dungeon)

   [amulet of regeneration]

   Regen:     It increases your rate of health regeneration.
   It has a curse which improves the following skills: Elements: Fire Magic, Ice
   Magic, Air Magic and Earth Magic.
   Ranged Combat: Ranged Weapons and Throwing.
 z - an amulet of the acrobat
 D - an amulet of reflection
 H - a ring of flight
 I - the ring of Cylij {*Slow Will+ AC+4 Str+8 Dex+2}
   (You took it off an orc on level 7 of the Dungeon)

   [ring of protection]

   AC:        It affects your AC (+4).
   Str:       It affects your strength (+8).
   Dex:       It affects your dexterity (+2).
   *Slow:     It may slow you when you take damage.
   Will:      It increases your willpower.
 K - the cursed ring of the Perceptive Fetters (right hand) {rN+, Comp, Melee}
   (You found it on level 7 of the Dungeon)

   [ring of positive energy]

   rN:        It protects you from negative energy.
   It has a curse which improves the following skills: Companions: Summonings
   and Necromancy.
   Melee Combat: Short Blades, Long Blades, Axes, Maces & Flails, Polearms,
   Staves and Unarmed Combat.
 S - the ring "Eraul" (left hand) {rElec rF+ AC+4 Slay+4}
   (You found it on level 9 of the Dungeon)

   [ring of protection]

   AC:        It affects your AC (+4).
   Slay:      It affects your accuracy & damage with ranged weapons and melee
   (+4).
   rF:        It protects you from fire.
   rElec:     It insulates you from electricity.
Wands
 E - a wand of flame (12)
 J - a wand of roots (4)
 L - a wand of digging (4)
 O - a wand of polymorph (13)
Scrolls
 f - a scroll of fear
 l - 4 scrolls of amnesia
 n - 2 scrolls of vulnerability
 q - a scroll of noise
 t - a scroll of teleportation
 u - a scroll of blinking
 x - 2 scrolls of fog
 y - 2 scrolls of magic mapping
 F - 3 scrolls of identify
 G - 2 scrolls of enchant armour
 Q - a scroll of enchant weapon
Potions
 c - 3 potions of heal wounds
 g - a potion of might
 h - 5 potions of curing
 i - a potion of magic
 j - 2 potions of berserk rage
 k - a potion of degeneration
 m - a potion of lignification
 r - 2 potions of invisibility
 w - 2 potions of brilliance
 B - 3 potions of mutation
 N - 2 potions of flight
 R - a potion of resistance


   Skills:
 - Level 10.0 Fighting
 - Level 5.0 Dodging
 - Level 3.0 Stealth
 + Level 11.3 Spellcasting
 + Level 11.3 Conjurations
 - Level 3.0 Hexes
 - Level 3.0 Translocations


You had 22 spell levels left.
You knew the following spells:

 Your Spells              Type           Power      Damage    Failure   Level
a - Magic Dart            Conj           100%       1d8       1%          1
b - Searing Ray           Conj           100%       2d8       1%          2
c - Fulminant Prism       Conj/Hex       23%        3d12      2%          4
d - Iskenderun's Mystic   Conj/Tloc      46%        2d10      2%          4

Your spell library contained the following spells:

 Spells                   Type           Power      Damage    Failure   Level
 Dazzling Flash           Conj/Hex       92%        N/A       1%          3
 Summon Guardian Golem    Hex/Summ       20%        N/A       8%          3
 Ozocubu's Armour         Ice            13%        N/A       14%         3
 Orb of Destruction       Conj           30%        9d10      36%         7
 Metabolic Englaciation   Hex/Ice        10%        N/A       58%         5
 Spellforged Servitor     Conj/Summ      19%        N/A       98%         7
 Simulacrum               Ice/Necr       6%         N/A       100%        6


Dungeon Overview and Level Annotations

Branches:
Dungeon (10/15)            Temple (1/1) D:7            Lair (0/5) D:9
    Orc: D:9-12

Altars:
Ashenzari
Cheibriados
Dithmenos
Elyvilon
Fedhas
Gozag
Hepliaklqana
Kikubaaqudgha
Makhleb
Nemelex Xobeh
Okawaru
Qazlal
Ru
Sif Muna
Trog
Uskayaw
Vehumet
Wu Jian
Xom
Yredelemnul
Zin
The Shining One

Shops:
D:4 !

Annotations:
D:10 Erolcha


Innate Abilities, Weirdness & Mutations

Your dull iron-grey scales are very hard. (AC +13)
You are amphibious.
You cannot fit into any form of body armour.
You are cold-blooded and may be slowed by cold attacks.
You are vulnerable to heat. (rF-)
You occasionally lose the ability to read scrolls when taking damage.


Message History

You closely miss the freezing wraith.
The freezing wraith is severely damaged.
The air elemental hits you but does no damage.
The air elemental fires a burst of electricity at you.
The stunning burst hits you but does no damage.
The air elemental hits you but does no damage.
The air elemental fires a burst of electricity at you.
The stunning burst hits you. You resist.
You suddenly lose the ability to move!
* * * LOW HITPOINT WARNING * * *
The freezing wraith hits you!
* * * LOW HITPOINT WARNING * * *
The freezing wraith freezes you!
* * * LOW HITPOINT WARNING * * *
The freezing wraith hits you but does no damage.
The air elemental fires a burst of electricity at you.
The stunning burst hits you but does no damage.
The freezing wraith hits you but does no damage. x2
The air elemental hits you but does no damage.
The freezing wraith hits you but does no damage. x2
You can move again.
You hit the freezing wraith.
You punch the freezing wraith, but do no damage.
The freezing wraith is almost destroyed.
The air elemental fires a burst of electricity at you.
The stunning burst hits you but does no damage.
The air elemental hits you but does no damage.
The air elemental barely misses you.
The air elemental hits you but does no damage.
The freezing wraith barely misses you. The freezing wraith misses you.
The air elemental hits you but does no damage.
The freezing wraith hits you but does no damage. x2
The air elemental fires a burst of electricity at you.
The stunning burst hits you but does no damage.
You are confused.
You feel invigorated. The air elemental barely misses you. x2
The freezing wraith hits you.
* * * LOW HITPOINT WARNING * * *
The freezing wraith freezes you!!
You feel as though you will be slow longer.
You die...

# * ..##.# # #*
, , ##....#. #.
* .. ....#.# .
,, *
#..#.#...###,#*
, *#...#.#..#.#
* #.##...#.##*
* #...#...#.#,
* * #.##..@W..#
,* * * , ,* *,,
#.#E#....... ,
..#..#.#....#,*
#.#....##>.#...
#,##.#. .... *.
*#.*##, . #.. ,
* #.* #. * , ,
*#. ,, * ,


You could see a freezing wraith and an air elemental.

Vanquished Creatures
  A rakshasa (D:7)
  A centaur warrior (D:9)
  3 two-headed ogres
  A fire crab (D:9)
  A shadow wraith (Abyss:1)
  3 cyclopes (D:7)
  2 manticores
  A smoke demon (Abyss:1)
  A komodo dragon (D:7)
  2 trolls
  2 slime creatures
  Prince Ribbit (D:5)
  2 wyverns
  17 yaks
  A neqoxec (Abyss:1)
  A steam dragon (D:9)
  Menkaure (D:5)
  4 water moccasins
  Duvessa (D:5)
  6 orc warriors
  A sky beast (D:7)
  3 ice beasts
  4 black bears
  2 ogres
  2 centaurs (D:7)
  3 phantoms
  6 bullfrogs
  A kobold brigand (D:5)
  A necrophage (D:7)
  A gnoll sergeant (D:9)
  2 scorpions (D:7)
  A wyvern zombie (D:6)
  13 wights
  Dowan (D:5)
  5 killer bees (D:8)
  9 howler monkeys
  2 bullfrog zombies (D:6)
  A centaur zombie (D:6)
  2 jellies (D:5)
  5 orc priests
  2 hounds (D:5)
  8 iguanas
  8 orc wizards
  A killer bee zombie (D:6)
  A howler monkey zombie (D:6)
  4 gnolls (D:4)
  7 adders
  4 shadow imps
  3 white imps (D:6)
  2 ufetubi
  A worm (D:2)
  2 dart slugs
  27 orcs
  4 bats
  6 endoplasms
  3 giant cockroaches
  9 goblins
  2 hobgoblins
  A quokka (D:2)
  5 ball pythons
  2 frilled lizards
  16 kobolds
  9 rats
244 creatures vanquished.

Vanquished Creatures (others)
  25 fulminant prisms
  3 plants (D:1)
28 creatures vanquished.

Grand Total: 272 creatures vanquished

Notes
Turn   | Place    | Note
-------+----------+-------------------------------------------
     0 | D:1      | themarg the Draconian Conjurer began the quest for the Orb.
     0 | D:1      | Reached XP level 1. HP: 14/14 MP: 3/3
   580 | D:1      | Reached XP level 2. HP: 20/20 MP: 1/5
   583 | D:1      | Learned a level 2 spell: Searing Ray
  1339 | D:2      | Reached XP level 3. HP: 26/26 MP: 0/6
  1864 | D:2      | Reached XP level 4. HP: 33/33 MP: 5/8
  2364 | D:3      | Reached skill level 5 in Conjurations
  2582 | D:3      | Reached XP level 5. HP: 23/38 MP: 5/10
  3567 | D:4      | Noticed a phantom
  3577 | D:4      | Killed a phantom
  3713 | D:4      | Noticed a black bear
  3717 | D:4      | Killed a black bear
  3718 | D:4      | Reached XP level 6. HP: 45/45 MP: 5/12
  4266 | D:4      | Found Qynk's Distillery.
  4270 | D:4      | Bought a potion of curing for 42 gold pieces
  4270 | D:4      | Bought a potion of magic for 112 gold pieces
  4698 | D:5      | Entered Level 5 of the Dungeon
  4771 | D:5      | Your scales start taking on a dull iron-grey colour.
  4771 | D:5      | Reached XP level 7. HP: 50/50 MP: 7/14
  4928 | D:5      | Reached skill level 5 in Spellcasting
  4967 | D:5      | Noticed Menkaure
  4974 | D:5      | Killed Menkaure
  5196 | D:5      | Noticed Prince Ribbit
  5205 | D:5      | Killed Prince Ribbit
  5330 | D:5      | Reached XP level 8. HP: 57/57 MP: 7/15
  5765 | D:5      | Noticed Dowan
  5847 | D:5      | Noticed Duvessa
  5974 | D:6      | Learned a level 4 spell: Fulminant Prism
  6026 | D:6      | Learned a level 4 spell: Iskenderun's Mystic Blast
  6065 | D:6      | Reached skill level 1 in Hexes
  6065 | D:6      | Reached skill level 1 in Translocations
  6120 | D:6      | Reached skill level 1 in Fighting
  6642 | D:6      | Reached skill level 10 in Conjurations
  6645 | D:6      | Reached XP level 9. HP: 67/67 MP: 7/16
  7144 | D:6      | Found a basalt altar of Yredelemnul.
  7644 | D:7      | Reached skill level 5 in Fighting
  7902 | D:7      | Noticed a troll
  7905 | D:7      | Noticed a cyclops
  7916 | D:6      | Killed a troll
  8872 | D:7      | Reached XP level 10. HP: 84/84 MP: 3/19
  9219 | D:7      | Identified the ring of Cylij {*Slow Will+ AC+4 Str+8 Dex+2}
  9238 | D:7      | Noticed a two-headed ogre
  9549 | D:7      | Noticed a rakshasa
  9652 | D:7      | Found a staircase to the Ecumenical Temple.
  9660 | Temple   | Entered the Ecumenical Temple
  9804 | Temple   | Became a worshipper of Ashenzari the Shackled
 10087 | D:5      | Killed Duvessa
 10088 | D:5      | Killed Dowan
 10122 | D:7      | Noticed a manticore
 10243 | D:7      | Killed a two-headed ogre
 10244 | D:7      | Reached skill level 5 in Dodging
 10394 | D:7      | Killed a cyclops
 10399 | D:7      | Killed a manticore
 10436 | D:7      | Killed a rakshasa
 10436 | D:7      | Noticed a cyclops
 10438 | D:7      | Noticed a cyclops
 10706 | D:7      | Killed a cyclops
 10706 | D:7      | Killed a cyclops
 10707 | D:7      | Reached XP level 11. HP: 58/95 MP: 1/24
 11621 | D:4      | Bought a potion of ambrosia for 112 gold pieces
 11621 | D:4      | Bought a potion of mutation for 112 gold pieces
 12233 | D:8      | Reached skill level 10 in Spellcasting
 12588 | D:9      | Noticed a centaur warrior
 12778 | D:9      | Noticed a two-headed ogre
 12789 | D:9      | Killed a centaur warrior
 12789 | D:9      | Killed a two-headed ogre
 12790 | D:9      | Reached skill level 10 in Fighting
 13137 | D:9      | Identified the +0 ring mail of Yesterday {rF+ Will+}
 13162 | D:9      | Noticed a two-headed ogre
 13177 | D:9      | Killed a two-headed ogre
 13345 | D:9      | Found a staircase to the Lair.
 13362 | D:9      | Noticed a fire crab
 13369 | D:9      | Killed a fire crab
 13444 | D:9      | Reached * piety under Ashenzari
 13529 | D:9      | Identified the ring "Eraul" {rElec rF+ AC+4 Slay+4}
 13896 | D:10     | Entered Level 10 of the Dungeon
 13901 | D:10     | Noticed Erolcha
 13910 | Abyss:1  | Cast into level 1 of the Abyss (Erolcha)
 13932 | Abyss:1  | Reached ** piety under Ashenzari
 13940 | Abyss:1  | Noticed a shadow wraith
 13946 | Abyss:1  | Killed a shadow wraith
 13947 | Abyss:1  | Reached XP level 12. HP: 106/106 MP: 2/27
 13949 | Abyss:1  | Gained mutation: You are vulnerable to heat. (rF-) [a
                  | neqoxec]
 13951 | Abyss:1  | Gained mutation: You occasionally lose the ability to read
                  | scrolls when taking damage. [a neqoxec]
 13976 | Abyss:1  | Paralysed by an air elemental for 1 turns
 13979 | Abyss:1  | Paralysed by an air elemental for 1 turns
 13981 | Abyss:1  | Mangled by a freezing wraith

Illustrated notes

Levels and vault maps discovered:
D:1:      matt_arrival_los_fun, layout_basic, serial_bayou_pond_c
D:2:      layout_loops_ring
D:3:      layout_basic
D:4:      layout_basic, serial_shops, kennysheep_mini
D:5:      layout_rooms, nicolae_sextant, corner_web_ring, grunt_ministairs_13,
          st_stairs_14, uniq_menkaure, uniq_prince_ribbit1, uniq_duvessa
D:6:      layout_basic, nicolae_yredelemnul_corpse_copse, moated_statue
D:7:      nzn_winding_woodlands_stair_cross
          [nzn_winding_woodlands_5x15_sidewinder,
          nzn_winding_woodlands_center_triple_pond,
          nzn_winding_woodlands_5x15_pool,
          nzn_winding_woodlands_5x5_closed_star,
          nzn_winding_woodlands_5x5_three,
          nzn_winding_woodlands_5x15_concentric,
          nzn_winding_woodlands_center_pierced_h,
          nzn_winding_woodlands_5x15_cabin], layout_rooms,
          minmay_temple_entry_glassed_door
D:8:      layout_cave_pools, palyth_stone_intersect
D:9:      hangedman_cross_stitches, layout_long_grid, minmay_lair_entry_lava
D:10:     nicolae_cairo_tiling_large_dashed, layout_cave_pools, uniq_erolcha
Temple:   roderic_octagonal_lattice_temple
Abyss:1:  base:
D:10

Skill      XL: |  1  2  3  4  5  6  7  8  9 10 11 |
---------------+----------------------------------+-----
Stealth        | 2 3 |  3.0
Spellcasting   | 3 4 5 6 9 11 | 11.3
Conjurations   | 5 6 8 10 11 | 11.3
Hexes          | 2 3 |  3.0
Translocations | 2 3 |  3.0
Fighting       | 2 6 8 10 | 10.0
Dodging        | 4 5 |  5.0

Action                   |  1- 3 |  4- 6 |  7- 9 | 10-12 || total
-------------------------+-------+-------+-------+-------++-------
Melee: Hand axe          |     1 |     7 |       |       ||     8
       Tailslap          |       |     4 |     4 |    13 ||    21
       Dagger            |       |       |    19 |    59 ||    78
       Punch             |       |       |       |     3 ||     3
       Morningstar       |       |       |       |    48 ||    48
       Staff             |       |       |       |     1 ||     1
Throw: Dart              |       |       |       |    17 ||    17
       Stone             |       |       |       |     2 ||     2
 Cast: Magic Dart        |    52 |    48 |    23 |    10 ||   133
       Searing Ray       |     5 |    21 |    51 |    47 ||   124
       Iskenderun's Myst |       |       |    14 |    54 ||    68
       Fulminant Prism   |       |       |     4 |    22 ||    26
Invok: Curse Item        |       |       |       |     3 ||     3
Evoke: Wand              |       |       |       |     5 ||     5
  Use: Scroll            |       |       |    11 |     4 ||    15
       Potion            |       |       |       |     6 ||     6
Armor: Skin              |     3 |     8 |    75 |   113 ||   199
Dodge: Dodged            |     7 |    12 |    72 |   145 ||   236

Table legend: (Time is in decaauts)
 A = Elapsed time spent in this place.
 B = Non-inter-level travel time spent in this place.
 C = Inter-level travel time spent in this place.
 D = Time resting spent in this place.
 E = Time spent auto-exploring this place.
 F = Levels seen in this place.
 G = Mean time per level.
                   A        B        C        D        E       F      G
               +--------+--------+--------+--------+--------+-----+--------+
         Total |  14042 |  13305 |    737 |   3277 |   8193 |  12 | 1170.2 |
       Dungeon |  13447 |  12739 |    708 |   3096 |   7932 |  10 | 1344.7 |
        Temple |    500 |    471 |     29 |    181 |    261 |   1 |  500.0 |
         Abyss |     94 |     94 |      0 |      0 |      0 |   1 |   94.0 |
               +--------+--------+--------+--------+--------+-----+--------+

Top non-repeatable levels by time:
     D:6: 2631 daAuts
     D:7: 1934 daAuts
     D:4: 1696 daAuts
     D:5: 1636 daAuts
     D:1: 1184 daAuts
     D:2: 1175 daAuts
     D:9: 1138 daAuts
     D:3: 1042 daAuts
     D:8: 992 daAuts
  Temple: 500 daAuts
 Abyss:1: 94 daAuts
    D:10: 13 daAuts
